AoeStats
← Hambo XV

Arabia

503806177Analyzed
1v1 RM · 1mo ago on Sep 2, 2026· 33m 45s· 2 players
Game mode
Random Map
Map size
Tiny (2 player)
Population
200
Speed
Normal
Resources
Standard
Victory
Conquest
Starting age
Dark Age
Ending age
Imperial Age
RankedLock teamsTeams togetherTeam positionsShared explorationLock speedFull tech treeHidden civsTurbo modeCheats
Victory
Defeat
🇨🇱 Berbers · Chile
980
+15
🇬🇧 Magyars · United Kingdom
967
-15
Hambo XV
12:47 Feudal Age
13:44 Double-Bit Axe
18:51 Castle Age
19:03 Scale Barding Armor
20:19 Gold Mining
31:43 Scale Mail Armor
31:35 Pikeman
32:09 Horse Collar
jaimikob
8:52 Loom
10:38 Feudal Age
12:05 Double-Bit Axe
15:24 Horse Collar
18:52 Castle Age
17:58 Forging
18:49 Scale Barding Armor
18:43 Gold Mining
20:00 Bow Saw
23:34 Husbandry
24:28 Bloodlines
24:38 Fervor
28:03 Chain Barding Armor
33:11 Iron Casting
35:35 Imperial Age
Connection lost

Rejoining the realm…

Still unreachable

The connection could not be restored.

Session expired

The server has moved on; the page needs a fresh start.